 Dungeon Crawl Stone Soup version 0.22-a0-799-g88f5e90 (console) character file.

227 Jenz the Insei (level 5, -10/37 HPs)
             Began as a Demonspawn Transmuter on July 21, 2018.
             Killed by a magical explosion (31 damage)
             ... on level 4 of the Dungeon.
             The game lasted 00:23:46 (5205 turns).

Jenz the Insei (Demonspawn Transmuter)              Turns: 5205, Time: 00:23:47

Health: -10/37     AC:  2    Str: 11    XL:     5   Next: 70%
Magic:  5/8        EV: 13    Int: 14    God:
Gold:   190        SH:  0    Dex: 14    Spells: 0/9 levels left

rFire    . . .     SeeInvis .     - Unarmed
rCold    . . .     Gourm    .   (no shield)
rNeg     . . .     Faith    +   (no armour)
rPois    .         Spirit   .   (no helmet)
rElec    .         Reflect  .   (no cloak)
rCorr    .         Harm     .   (no gloves)
MR       .....                  (no boots)
Stlth    +.........             j - amulet of faith
HPRegen  0.12/turn              (no ring)
MPRegen  0.11/turn              (no ring)

@: very heavily contaminated, glowing
A: hooves 1, thin metallic scales 1, powered by death 1
a: no special abilities


You were on level 4 of the Dungeon.
You were not hungry.

You visited 1 branch of the dungeon, and saw 4 of its levels.

You collected 190 gold pieces.

Inventory:

Missiles
 a - 12 arrows
Armour
 b - a +0 robe
Jewellery
 j - an amulet of faith (around neck)
Scrolls
 e - a scroll of noise
 f - 2 scrolls of blinking
 o - a scroll of immolation
Potions
 d - a potion of cancellation {unknown}
 g - 2 potions of berserk rage
 h - a potion of lignification
 i - a potion of haste
 k - a potion of agility {unknown}
 l - a potion of heal wounds
 m - 3 potions of brilliance {unknown}
Comestibles
 c - a ration
 n - 4 chunks of flesh


   Skills:
 + Level 1.4 Fighting
 + Level 2.9 Dodging
 + Level 0.7 Stealth
 + Level 4.3 Unarmed Combat
 + Level 2.6 Spellcasting
 + Level 2.3 Transmutations
 + Level 1.0 Poison Magic


You couldn't memorise any spells.
You knew the following spells:

 Your Spells              Type           Power        Failure   Level  Hunger
a - Beastly Appendage     Tmut           #.....       9%          1    #......
b - Spider Form           Tmut/Pois      #.........   32%         3    ###....
c - Blade Hands           Tmut           #.........   94%         5    ######.

Your spell library contained the following spells:

 Spells                   Type           Power        Failure   Level  Hunger
 Ice Form                 Ice/Tmut       #.......     80%         4    #####..
 Sticks to Snakes         Tmut           #.......     13%         2    ###....


Dungeon Overview and Level Annotations

Branches:
Dungeon (4/15)
 Temple: D:4-7

Altars:
Fedhas
Qazlal


Innate Abilities, Weirdness & Mutations

You have large cloven feet.
You are partially covered in thin metallic scales. (AC +2)
You regenerate a little health from kills.


Message History

Confirm with . or Enter, or press ? or * to list all spells.
The spell is very dangerous to cast (94% risk of failure)!
Continue anyway?
You miscast Blade Hands.
You are very lightly contaminated with residual magic.
You feel a strange surge of energy!
There is a stone staircase leading up here.
Items here: )))) [[ a club; a leather armour; a mace; a dagger; a robe; a dagger Your magical contamination has completely faded away.
Casting: Blade Hands (very dangerous; 94% risk of failure)
Confirm with . or Enter, or press ? or * to list all spells.
The spell is very dangerous to cast (94% risk of failure)!
Continue anyway?
You miscast Blade Hands.
You are very lightly contaminated with residual magic.
Your body is flooded with distortional energies!
Found 14 sling bullets.
Your body shudders with the violent release of wild energies!
The magical storm engulfs you!
Ouch! That really hurt!
You die...

... #.#.# .l.. #.#.#
#### ....% #.#.# #..#
....l.############.#.#
#..#
...!...>...SO...##.#.#
#..####
.....##########.##.#.#
#...... ...
#######<##.#.#####...#
.
.........).....S.....#
#######.##.##.####..##
#..........##.# #..#
#.#####@#####.# #..#
#.# ###..O###.####..#
#.# #......S........#
#.###.###.###.#####.#
#.....# #.# #.# .#
####### #.# #.# .# #.#
#.# .# #.# #.# .( ..#
#.# ## ### #..


You could see an ogre and a ball python.

Vanquished Creatures
  An orc priest (D:3)
  An orc wizard (D:4)
  Robin (D:3)
  6 adders
  An ooze (D:3)
  A worm (D:3)
  A dart slug (D:1)
  9 orcs
  4 ball pythons
  4 bats
  4 giant cockroaches
  13 hobgoblins
  14 kobolds
  3 frilled lizards
  15 goblins
  6 rats
  A bush (D:3)
85 creatures vanquished.

Notes
Turn   | Place    | Note
-------+----------+-------------------------------------------
     0 | D:1      | Jenz the Demonspawn Transmuter began the quest for the Orb.
     0 | D:1      | Reached XP level 1. HP: 15/15 MP: 3/3
   146 | D:1      | Reached skill level 3 in Unarmed Combat
   248 | D:1      | Gained mutation: You are partially covered in thin metallic scales. (AC +2) [demonic ancestry]
   248 | D:1      | Reached XP level 2. HP: 15/21 MP: 5/5
  1038 | D:2      | Gained mutation: You regenerate a little health from kills. [demonic ancestry]
  1038 | D:2      | Reached XP level 3. HP: 26/26 MP: 4/6
  1373 | D:2      | Learned a level 3 spell: Spider Form
  1387 | D:2      | Found a faded altar of an unknown god.
  1658 | D:2      | Found a stormy altar of Qazlal.
  2252 | D:2      | Reached XP level 4. HP: 31/32 MP: 2/7
  2505 | D:3      | Found a blossoming altar of Fedhas.
  2505 | D:3      | Noticed Robin
  2661 | D:3      | Killed Robin
  3042 | D:3      | Found a stormy altar of Qazlal.
  4039 | D:3      | Reached skill level 4 in Unarmed Combat
  4170 | D:3      | Gained mutation: You have large cloven feet. [demonic ancestry]
  4170 | D:3      | Reached XP level 5. HP: 37/37 MP: 4/8
  4506 | D:3      | Learned a level 5 spell: Blade Hands
  4987 | D:4      | Reached skill level 1 in Poison Magic
  5093 | D:4      | Noticed an ogre
  5205 | D:4      | Killed by a magical explosion

Vault maps used:
D:1:      eino_arrival_cavern_e, item_on_display_a
D:2:      chequers_ecumenical_altar_island, grunt_qazlal_sundering
D:3:      cheibrodos_helix_gallery, grunt_temple_overflow_forces_of_nature,
          uniq_robin
D:4:      minmay_temple_entry_overgrown, first_ration, uniq_natasha

Skill      XL: |  1  2  3  4  5 |
---------------+----------------+-----
Unarmed Combat | 3 4 |  4.3
Dodging        | 2 |  2.9
Transmutations | 2 |  2.3
Poison Magic   | 1 |  1.0
Fighting       | |  1.4
Stealth        | |  0.7
Spellcasting   | |  2.6

Action                   |  1- 3 |  4- 6 || total
-------------------------+-------+-------++-------
Melee: Unarmed           |   158 |   289 ||   447
       Headbutt          |     3 |       ||     3
       Kick              |     1 |     1 ||     2
       Punch             |     3 |    10 ||    13
 Cast: Beastly Appendage |    11 |     1 ||    12
       Spider Form       |     1 |    13 ||    14
  Use: Scroll            |     4 |     4 ||     8
       Potion            |       |     2 ||     2
 Stab: Sleeping          |     1 |       ||     1
  Eat: Ration            |     2 |     2 ||     4
       Chunk             |       |     4 ||     4
Armor: Robe              |    27 |    18 ||    45
       Skin              |       |     3 ||     3
Dodge: Dodged            |    92 |   135 ||   227

Table legend:
 A = Spawn XP
 B = Non-spawn XP
 C = Spawn XP percentage of total XP
 D = Spawn monster count
 E = Non-spawn monster count
 F = Spawn count percentage of total count
 G = Total turns spent on level
                    A         B        C        D         E        F      G
               +---------+---------+-------+---------+---------+-------+---------
         Total |       0 |     325 |   0.0 |       0 |      84 |   0.0 |  5205
               +---------+---------+-------+---------+---------+-------+---------
           D:1 |       0 |      39 |   0.0 |       0 |      23 |   0.0 |  1025
           D:2 |       0 |      96 |   0.0 |       0 |      29 |   0.0 |  2182
           D:3 |       0 |     137 |   0.0 |       0 |      26 |   0.0 |  1758
           D:4 |       0 |      53 |   0.0 |       0 |       6 |   0.0 |   240
               +---------+---------+-------+---------+---------+-------+---------
